 Dungeon Crawl Stone Soup version 0.27.1-33-g824d729ab1 (webtiles) character file.

Game seed: 998890995033820644

81 Grabarz the Skirmisher (level 4, 0/37 HPs)
             Began as a Demonspawn Abyssal Knight on Dec 6, 2021.
             Was a Follower of Lugonu.
             Succumbed to Ijyb's poison
             ... on level 3 of the Dungeon.
             The game lasted 00:24:45 (3530 turns).

Grabarz the Skirmisher (Demonspawn Abyssal Knight)  Turns: 3530, Time: 00:24:46

Health: 0/37       AC: 11    Str: 13    XL:     4   Next: 20%
Magic:  5/5        EV:  3    Int: 13    God:    Lugonu [*.....]
Gold:   75         SH:  4    Dex: 13    Spells: 3/3 levels left

rFire    . . .     SeeInvis .   a - +1 spear
rCold    . . .     Faith    .   (no shield)
rNeg     . . .     Spirit   .   j - +0 plate armour
rPois    .         Reflect  .   (helmet restricted)
rElec    .         Harm     .   (no cloak)
rCorr    .         Rampage  .   (no gloves)
Will     .....                  (no boots)
Stlth    ..........             (no amulet)
HPRegen  0.12/turn              (no ring)
MPRegen  0.09/turn              (no ring)

@: lethally poisoned (0 -> -22)
A: horns 1, condensation shield
a: Renounce Religion, Depart the Abyss


You were on level 3 of the Dungeon.
You worshipped Lugonu.
Lugonu was aware of your devotion.
You visited 1 branch of the dungeon, and saw 3 of its levels.
You visited the Abyss 1 time.

You collected 75 gold pieces.

Inventory:

Hand Weapons
 a - a +1 spear (weapon)
Armour
 j - a +0 plate armour (worn)
Wands
 b - a wand of flame (17)
Scrolls
 d - a scroll of teleportation {unknown}
 f - a scroll of noise {unknown}
 i - a scroll of blinking {unknown}
 k - a scroll of enchant armour {unknown}
 n - a scroll of identify
 p - a scroll of brand weapon {unknown}
Potions
 e - a potion of lignification
 g - 2 potions of magic {unknown}
 h - a potion of brilliance {unknown}
 l - a potion of curing {unknown}
 m - 2 potions of attraction {unknown}
 o - a potion of degeneration {unknown}


   Skills:
 + Level 3.7 Fighting
 + Level 2.3 Polearms
 + Level 2.6 Armour
 + Level 1.8 Dodging
 + Level 2.4 Invocations


You had 3 spell levels left.
You didn't know any spells.
Your spell library contained the following spells:

 Spells                   Type           Power      Damage    Failure   Level
 Corpse Rot               Necr/Air       N/A        N/A       100%        2
 Poisonous Vapours        Pois/Air       0%         N/A       100%        2
 Freezing Cloud           Conj/Ice/Air   0%         6-21      100%        5


Dungeon Overview and Level Annotations

Branches:
Dungeon (3/15)

Altars:

Annotations:
D:2 Grinder
D:3 Ijyb


Innate Abilities, Weirdness & Mutations

You have a pair of small horns on your head.
A meltable shield of frost defends you. (SH +4)


Message History

Press: ? - help, v - describe, . - travel
Here: Ijyb, wielding a +0 dagger of venom, wearing a +0 scale mail and carrying a wand of iceblast (10)
An open door.
Okay, then.
You hit Ijyb but do no damage.
Ijyb hits you with a +0 dagger of venom.
You are poisoned.
You hit Ijyb. Your headbutt misses Ijyb.
Ijyb is lightly wounded.
You feel sick. Ijyb hits you but does no damage.
You are more poisoned.
You barely miss Ijyb. You headbutt Ijyb.
Ijyb is moderately wounded.
You feel very sick. Ijyb hits you but does no damage.
You are more poisoned.
You completely miss Ijyb. You headbutt Ijyb, but do no damage.
Ijyb is moderately wounded.
You feel very sick. Ijyb hits you but does no damage.
You are lethally poisoned!
You hit Ijyb but do no damage.
Ijyb is moderately wounded.
You feel very sick. Ijyb hits you but does no damage.
You hit Ijyb but do no damage.
Ijyb is moderately wounded.
You feel very sick.
Ijyb hits you with a +0 dagger of venom.
* * * LOW HITPOINT WARNING * * *
You hit Ijyb but do no damage. You headbutt Ijyb.
Ijyb is moderately wounded.
* * * LOW HITPOINT WARNING * * *
You feel very sick.
Ijyb hits you with a +0 dagger of venom.
* * * LOW HITPOINT WARNING * * *
You are more poisoned.
You hit Ijyb but do no damage.
Ijyb is moderately wounded.
You die...

#.###.# #.###...## #..... #.....#
#.##.....## ###.#.## #.##.##
#.#.......## ##.#.#.#
#(#..>###..........####.[....##
#..................+...........
###..).......).......####....####
#........####†......## ##.#.####
#.#.####.# ##.....## #.#.....
#.#.# #.# ##.@.## #.###### # #.
#.# ##g## #.# # #.# #.# #.# #.#
#.# #.# #.# #.# #. ..# ... ###
... ...


You could see Ijyb.

Vanquished Creatures
  3 adders
  2 worms (D:3)
  2 dart slugs
  3 endoplasms (D:1)
  4 giant cockroaches
  5 goblins
  4 hobgoblins
  3 quokkas
  4 ball pythons
  4 bats
  2 frilled lizards
  6 kobolds
  2 rats (D:1)
44 creatures vanquished.

Notes
Turn   | Place    | Note
-------+----------+-------------------------------------------
     0 | Abyss:1  | Grabarz the Demonspawn Abyssal Knight began the quest for
                  | the Orb.
     0 | Abyss:1  | Reached XP level 1. HP: 18/18 MP: 2/2
    83 | D:1      | Escaped the Abyss
   620 | D:1      | Reached skill level 1 in Dodging
   620 | D:1      | Gained mutation: You have a pair of small horns on your
                  | head. [demonic ancestry]
   620 | D:1      | Reached XP level 2. HP: 22/24 MP: 3/3
  1593 | D:2      | Reached XP level 3. HP: 4/29 MP: 4/4
  1827 | D:2      | Reached ** piety under Lugonu
  2630 | D:3      | Noticed Grinder
  3206 | D:3      | Gained mutation: A meltable shield of frost defends you.
                  | (SH +4) [demonic ancestry]
  3206 | D:3      | Reached XP level 4. HP: 32/37 MP: 5/5
  3522 | D:3      | Noticed Ijyb
  3530 | D:3      | Succumbed to Ijyb's poison

Illustrated notes

Levels and vault maps discovered:
D:1:      dpeg_arrival_rhombus, layout_basic
D:2:      layout_basic
D:3:      layout_loops_corners, grunt_decor_fettered, uniq_grinder, uniq_ijyb

Skill      XL: |  1  2 |
---------------+-------+-----
Dodging        | 1 |  1.8
Armour         | 2 |  2.6
Polearms       | 2 |  2.3
Fighting       | |  3.7
Invocations    | |  2.4

Action                   |  1- 3 |  4- 6 || total
-------------------------+-------+-------++-------
Melee: Spear             |   157 |    32 ||   189
       Headbutt          |    10 |     6 ||    16
Invok: Bend Space        |       |     1 ||     1
  Use: Scroll            |     2 |       ||     2
       Potion            |     1 |       ||     1
Armor: Ring mail         |    10 |       ||    10
       Leather armour    |     1 |       ||     1
       Plate armour      |    67 |    10 ||    77
Dodge: Dodged            |    36 |     3 ||    39
Block: Other             |       |     7 ||     7
